 Dungeon Crawl Stone Soup version 0.20-a0-689-g860b9ab (webtiles) character file.

226 Colliwobble the Cudgeler (level 6, -4/37 HPs)
             Began as a Gargoyle Fighter on Feb 19, 2017.
             Was an Initiate of Ru.
             Slain by an ogre
             ... wielding a +0 giant club
              (15 damage)
             ... on level 4 of the Dungeon on Feb 20, 2017.
             The game lasted 00:05:13 (2336 turns).

Colliwobble the Cudgeler (Gargoyle Fighter)         Turns: 2336, Time: 00:05:13

Health: -4/37      AC: 11    Str: 22    XL:     6   Next: 1%
Magic:  6/6        EV:  7    Int:  8    God:    Ru [......]
Gold:   169        SH:  9    Dex:  9    Spells: 5/5 levels left

rFire    . . .     SeeInvis .   a - +0 flail
rCold    . . .     Gourm    .   b - +0 scale mail
rNeg     + . .     Faith    .   c - +0 shield
rPois    ∞         Spirit   .   (no helmet)
rElec    +         Reflect  .   (no cloak)
rCorr    .         Harm     .   (no gloves)
MR       .....                  (no boots)
Stlth    ..........             (no amulet)
Regen    0.2/turn               (no ring)
MPRegen  0.1/turn               (no ring)

@: no status effects
A: negative energy resistance 1, electricity resistance, unbreathing,
petrification resistance, rot immunity, AC +4
a: Renounce Religion


You were on level 4 of the Dungeon.
You worshipped Ru.
Ru was noncommittal.
You were not hungry.

You visited 1 branch of the dungeon, and saw 4 of its levels.

You collected 169 gold pieces.

Inventory:

Hand Weapons
 a - a +0 flail (weapon)
Missiles
 i - 113 stones (quivered)
Armour
 b - a +0 scale mail (worn)
 c - a +0 shield (worn)
Scrolls
 e - 2 scrolls of identify {unknown}
 j - a scroll of enchant weapon {unknown}
 m - a scroll of remove curse {unknown}
Potions
 d - a potion of might
 k - 2 potions of curing {unknown}
 l - 3 potions of lignification {unknown}
Comestibles
 f - a bread ration
 g - 4 meat rations
 h - 5 fruits
 n - a royal jelly
 o - 4 chunks of flesh


   Skills:
 - Level 3.2 Fighting
 + Level 6.0 Maces & Flails
 - Level 3.2 Armour
 - Level 3.2 Shields


You had 5 spell levels left.
You didn't know any spells.

Dungeon Overview and Level Annotations

Branches:
Dungeon (4/15)
 Temple: D:4-7

Altars:
Makhleb
Nemelex Xobeh
Okawaru
Ru
Uskayaw


Innate Abilities, Weirdness & Mutations

You are resistant to torment.
Your stone body is resilient. (AC +4)
You are immune to poison.
You resist negative energy. (rN+)
You are resistant to electric shocks. (rElec)
You can survive without breathing.
You are immune to petrification.
You are immune to rotting.


Message History

You sock the ogre!
The ogre is heavily wounded.
The ogre hits you but does no damage.
Your shield and scale mail prevent you from hitting the ogre.
The ogre is heavily wounded.
The ogre closely misses you.
You hit the ogre.
The ogre is severely wounded.
You block the ogre's attack.
You completely miss the ogre.
The ogre is severely wounded.
The ogre hits you with a giant club!
Your shield prevents you from hitting the ogre.
The ogre is severely wounded.
The ogre hits you with a giant club.
* * * LOW HITPOINT WARNING * * *
You hit the ogre.
The ogre is severely wounded.
The ogre hits you with a giant club!
You die...

.(#.. ..!..#
#.#.. . #((. ...
##..# ..>.###(..#
.....)#O#.#######
#..@.........
###.#.######
#.#.#######
.####..........
........#######
##.#.....#
.....#...#
#.####.#....# #.
#.####.#


You could see an ogre.

Vanquished Creatures
  A crimson imp (D:3)
  A hound (D:4)
  An orc priest (D:3)
  An orc wizard (D:3)
  2 adders (D:3)
  3 worms (D:2)
  A dart slug (D:1)
  3 leopard geckos (D:3)
  2 orcs
  5 giant cockroaches
  5 goblins
  9 hobgoblins
  11 kobolds
  A quokka (D:3)
  3 ball pythons
  15 bats
  2 frilled lizards
  6 rats
72 creatures vanquished.

Notes
Turn   | Place    | Note
-------+----------+-------------------------------------------
     0 | D:1      | Colliwobble the Gargoyle Fighter began the quest for the Orb.
     0 | D:1      | Reached XP level 1. HP: 14/14 MP: 1/1
   160 | D:1      | Reached XP level 2. HP: 16/19 MP: 2/2
   335 | D:1      | Reached skill level 3 in Maces & Flails
   486 | D:1      | Reached XP level 3. HP: 23/23 MP: 3/3
  1097 | D:2      | Reached skill level 4 in Maces & Flails
  1296 | D:2      | Found an iron altar of Okawaru.
  1470 | D:2      | Found a hide-covered altar of Uskayaw.
  1470 | D:2      | Found a burning altar of Makhleb.
  1472 | D:2      | Found a sparkling altar of Nemelex Xobeh.
  1505 | D:3      | Reached XP level 4. HP: 28/28 MP: 4/4
  1794 | D:2      | Found a sacrificial altar of Ru.
  1809 | D:2      | Became a worshipper of Ru the Awakened
  1826 | D:2      | Reached skill level 5 in Maces & Flails
  1826 | D:2      | Reached XP level 5. HP: 32/32 MP: 5/5
  2325 | D:4      | Noticed an ogre
  2325 | D:4      | Reached skill level 6 in Maces & Flails
  2325 | D:4      | Reached XP level 6. HP: 37/37 MP: 6/6
  2336 | D:4      | Slain by an ogre

Vault maps used:
D:1:      dpeg_arrival_ternary, serial_park_tiny_2
D:2:      nicolae_overflow_hidden_temple, serial_bayou_pond_c, minivault_19,
          corexii_shack, minmay_tetromino_i2
D:4:      kennysheep_mini, first_bread

Skill      XL: |  1  2  3  4  5 |
---------------+----------------+-----
Maces & Flails | 3 4 5 6 |  6.0
Fighting       | |  3.2
Armour         | |  3.2
Shields        | |  3.2

Action                   |  1- 3 |  4- 6 || total
-------------------------+-------+-------++-------
Melee: Flail             |   148 |   135 ||   283
Throw: Stone             |     7 |     4 ||    11
  Eat: Chunk             |     2 |     3 ||     5
Armor: Scale mail        |    82 |    58 ||   140
Dodge: Dodged            |    50 |    50 ||   100
Block: Shield            |    88 |    63 ||   151
